 Dungeon Crawl Stone Soup version 0.30-b1-6-gad0e9d6a2d (webtiles) character file.

Game seed: 10476742793655141339

316 Mysteryquy the Chopper (level 6, -6/54 (56) HPs)
             Began as a Minotaur Berserker on May 5, 2023.
             Was a Believer of Trog.
             Mangled by Crazy Yiuf
             ... wielding a +4 quarterstaff of chaos
              (12 damage)
             ... on level 2 of the Dungeon.
             The game lasted 00:02:23 (1313 turns).

Mysteryquy the Chopper (Minotaur Berserker)         Turns: 1313, Time: 00:02:23

HP:   -6/54 (56)    AC:  5    Str: 24    XL:     6   Next: 20%
MP:   3/5           EV: 11    Int:  4    God:    Trog [**....]
Gold: 100           SH:  0    Dex:  9    Spells: 5/5 levels left

rFire   . . .        a - +0 hand axe
rCold   . . .        (no shield)
rNeg    . . .        e - +0 ring mail
rPois   .            (helmet restricted)
rElec   .            (no cloak)
rCorr   .            (no gloves)
SInv    .            (no boots)
Will    .....        (no amulet) Stlth
                     (no ring)
HPRegen 0.29/turn    (no ring)
MPRegen 0.09/turn

%: no passive effects
@: confused, lightly drained
A: horns 2, retaliatory headbutt
a: Renounce Religion, Berserk, Trog's Hand


You were on level 2 of the Dungeon.
You worshipped Trog.
Trog was pleased with you.
You visited 1 branch of the dungeon, and saw 2 of its levels.

You collected 100 gold pieces.

Inventory:

Hand Weapons
 a - a +0 hand axe (weapon)
Armour
 b - a +0 animal skin
 e - a +0 ring mail (worn)
Scrolls
 c - 2 scrolls of vulnerability {unknown}
 d - 4 scrolls of silence {unknown}
 g - a scroll of amnesia {unknown}
 i - a scroll of butterflies {unknown}
 j - a scroll of teleportation {unknown}
 k - a scroll of fear {unknown}
Potions
 f - 2 potions of haste {unknown}
 h - a potion of degeneration {unknown}


   Skills:
 + Level 5.2 Fighting
 + Level 5.7 Axes
 + Level 4.2 Armour
 + Level 3.5 Dodging
 + Level 0.5 Stealth


You had 5 spell levels left.
You didn't know any spells.
Your spell library was empty.

Dungeon Overview and Level Annotations

Branches:
Dungeon (2/15)

Altars:

Annotations:
D:2 Crazy Yiuf


Innate Abilities, Weirdness & Mutations

You have a pair of horns on your head.
You reflexively headbutt those who attack you in melee.


Message History

The frilled lizard bites you but does no damage.
You slash the frilled lizard!
You kill the frilled lizard!
Trog accepts your kill.
Found a spear.
Found a hammer.
Found a runed translucent door.
No target in view!
No target in view!
No target in view!
Crazy Yiuf shouts!
Crazy Yiuf cries, "Tonal!"
You open the door. You barely miss Crazy Yiuf.
Crazy Yiuf hits you with a +4 quarterstaff of chaos.
You feel drained.
You hit Crazy Yiuf but do no damage.
You headbutt Crazy Yiuf, but do no damage.
Crazy Yiuf hits you with a +4 quarterstaff of chaos!
You barely miss Crazy Yiuf.
Crazy Yiuf hits you with a +4 quarterstaff of chaos.
You are confused.
You bump into the stone wall.
Crazy Yiuf hits you with a +4 quarterstaff of chaos.
You feel your power leaking away.
You bump into the tree.
Crazy Yiuf hits you with a +4 quarterstaff of chaos!
* * * LOW HITPOINT WARNING * * *
Crazy Yiuf burns you.
* * * LOW HITPOINT WARNING * * *
You hit Crazy Yiuf. Your headbutt misses Crazy Yiuf.
Crazy Yiuf is lightly wounded.
Crazy Yiuf hits you with a +4 quarterstaff of chaos.
* * * LOW HITPOINT WARNING * * *
Crazy Yiuf burns you.
* * * LOW HITPOINT WARNING * * *
You bump into the tree.
Crazy Yiuf closely misses you.
You hit Crazy Yiuf but do no damage. Your headbutt misses Crazy Yiuf.
Crazy Yiuf is lightly wounded.
Crazy Yiuf hits you with a +4 quarterstaff of chaos!
You die...

##### #)..# #...#
... #g# ♣@♣♣ #####
♣♣.♣ #.... ♣.♣♣
#..). ♣♣.♣ #.###
♣♣.♣♣ ##...# ♣♣PP.♣
#..... ♣PPP.♣
#######....# ##..##
#...........
#....######.###....


You could see Crazy Yiuf.

Vanquished Creatures
  Sigmund (D:2)
  Jessica (D:2)
  Natasha (D:2)
  4 gnolls (D:2)
  An adder (D:2)
  A worm (D:2)
  4 ball pythons
  3 bats
  6 endoplasms
  3 giant cockroaches (D:2)
  5 goblins
  2 hobgoblins
  4 jackals (D:1)
  5 kobolds
  5 quokkas
  6 frilled lizards
  5 rats
57 creatures vanquished.

Notes
Turn   | Place    | Note
-------+----------+-------------------------------------------
     0 | D:1      | Mysteryquy the Minotaur Berserker began the quest for the
                  | Orb.
     0 | D:1      | Reached XP level 1. HP: 19/19 MP: 0/0
   186 | D:1      | Reached XP level 2. HP: 27/27 MP: 1/1
   778 | D:2      | Reached XP level 3. HP: 33/33 MP: 2/2
   784 | D:2      | Noticed Jessica
   806 | D:2      | Reached ** piety under Trog
   815 | D:2      | Reached XP level 4. HP: 14/41 MP: 3/3
   819 | D:2      | Killed Jessica
   890 | D:2      | Noticed Sigmund
   897 | D:2      | Killed Sigmund
   898 | D:2      | Reached skill level 5 in Fighting
   898 | D:2      | Reached skill level 5 in Axes
   898 | D:2      | Reached XP level 5. HP: 48/48 MP: 4/4
   934 | D:2      | Reached XP level 6. HP: 55/56 MP: 5/5
  1104 | D:2      | Noticed Natasha
  1110 | D:2      | Killed Natasha
  1301 | D:2      | Found a runed translucent door.
  1302 | D:2      | Noticed Crazy Yiuf
  1313 | D:2      | Mangled by Crazy Yiuf

Illustrated notes

Levels and vault maps discovered:
D:1:      elethiomel_arrival_maze, layout_rooms, chequers_serial_rivers_small_3
D:2:      layout_rooms, reono_crystal_passage, grunt_ministairs_4,
          hangedman_decor_lopped, st_stairs_11, uniq_crazy_yiuf_cottage,
          uniq_sigmund, uniq_jessica, uniq_natasha

Skill      XL: |  1  2  3  4 |
---------------+-------------+-----
Fighting       | 4 5 |  5.2
Axes           | 4 5 |  5.7
Armour         | 4 |  4.2
Dodging        | 3 |  3.5
Stealth        | |  0.5

Action                     |  1- 3 |  4- 6 || total
---------------------------+-------+-------++-------
  Melee: Hand axe          |    67 |    45 ||   112
         Headbutt          |     6 |     4 ||    10
         Punch             |       |     1 ||     1
 Invoke: Berserk           |     1 |     1 ||     2
         Trog's Hand       |       |     1 ||     1
 Armour: Animal skin       |     2 |       ||     2
         Ring mail         |    24 |    12 ||    36
  Dodge: Dodged            |    58 |    24 ||    82
